MLB
ST. LOUIS CARDINALS @ ATLANTA BRAVES
07/12/2044
 
TOP OF THE 1ST
St. Louis Cardinals batting - Pitching for Atlanta Braves : RHP Karel Heuvelink
Pitching: RHP Karel Heuvelink
Batting: RHB Nick Gentzel 0-0: Ball
1-0: Ball
2-0: Called Strike
2-1: Called Strike
2-2: Ball
3-2: Base on Balls
Batting: RHB Pavpv Ivanushkin 0-0: Ball
1-0: Ball
2-0: Ball
3-0: Called Strike
3-1: Called Strike
3-2: Fly out, F8 (Flyball, 8RD, EV 92.5 MPH)
Pitching: RHP Alex Montes
Batting: LHB Tommy Luce 0-0: Ball
Nick Gentzel steals 2nd base
1-0: Ball
2-0: SINGLE (Groundball, 3S, EV 66.3 MPH) (infield hit)
Nick Gentzel to third
Batting: LHB Ben Rubenacker 0-0: Ball
Tommy Luce steals 2nd base (no throw)
1-0: Called Strike
1-1: Ball
2-1: Fly out, F5 (Line Drive, 5, EV 71.3 MPH)
Lined into DP, U5 (Line Drive, 5, EV 68.8 MPH)
Top of the 1st over - 0 runs, 1 hit, 0 errors, 1 left on base; St. Louis 0 - Atlanta 0
BOTTOM OF THE 1ST
Atlanta Braves batting - Pitching for St. Louis Cardinals : RHP Josh Sabatino
Pitching: RHP Josh Sabatino
Batting: RHB Liangde Li 0-0: Foul Ball, location: 2F
0-1: Ball
1-1: Foul Ball, location: 2F
1-2: Ball
2-2: Ball
3-2: Fly out, F7 (Flyball, 7LM, EV 87.5 MPH)
Batting: LHB Curt Nelson 0-0: Ball
1-0: Ball
2-0: Called Strike
2-1: Foul Ball, location: 2F
2-2: SINGLE (Groundball, 34S, EV 74.4 MPH) (infield hit)
Batting: LHB Tom Best 0-0: Ball
1-0: Ball
2-0: Called Strike
2-1: Ball
3-1: Fly out, F7 (Flyball, 78D, EV 96.9 MPH)
Batting: LHB Seth Cook 0-0: Foul Ball, location: 2F
0-1: Ball
Curt Nelson steals 2nd base
1-1: Ball
2-1: Ball
3-1: Base on Balls
Batting: LHB Xavier Pittman 0-0: Ball
1-0: Called Strike
1-1: Ball
2-1: Ground out 4-3 (Groundball, 4S, EV 84.4 MPH)
Bottom of the 1st over - 0 runs, 1 hit, 0 errors, 2 left on base; St. Louis 0 - Atlanta 0
TOP OF THE 2ND
St. Louis Cardinals batting - Pitching for Atlanta Braves : RHP Alex Montes
Batting: RHB Tenshou Takita 0-0: Ball
1-0: Ball
2-0: Ground out 4-3 (Groundball, 4, EV 85.6 MPH)
Batting: RHB Bobby Scholl 0-0: Ball
1-0: SOLO HOME RUN (Line Drive, 7D, EV 103.8 MPH), Distance : 388 ft
Batting: LHB Zack Berney 0-0: Ball
1-0: Foul Ball, location: 2F
1-1: Swinging Strike
1-2: Foul Ball, location: 2F
1-2: Ball
2-2: Fly out, F8 (Line Drive, 8LD, EV 96.3 MPH)
Batting: RHB Sergio Godinez 0-0: SINGLE (Flyball, 78M, EV 79.4 MPH)
Batting: RHB Rick O'Reilly 0-0: Called Strike
0-1: 2-RUN HOME RUN (Flyball, 7LD, EV 92.5 MPH), Distance : 359 ft
Batting: RHB Nick Gentzel 0-0: Ball
1-0: Ball
2-0: Called Strike
2-1: SINGLE (Line Drive, 34D, EV 98.8 MPH)
Batting: RHB Pavpv Ivanushkin 0-0: Ball
1-0: Foul Ball, location: 2F
1-1: Ball
2-1: Ball
3-1: Ground out 1-3 (Groundball, 13, EV 71.9 MPH)
Top of the 2nd over - 3 runs, 4 hits, 0 errors, 1 left on base; St. Louis 3 - Atlanta 0
BOTTOM OF THE 2ND
Atlanta Braves batting - Pitching for St. Louis Cardinals : RHP Josh Sabatino
Batting: RHB Jim Zucco 0-0: Called Strike
0-1: Swinging Strike
0-2: Strikes out swinging
Batting: LHB Colin Worthington 0-0: Ground out 6-3 (Groundball, 6MD, EV 79.4 MPH)
Batting: RHB Ray Llewellyn 0-0: Foul Ball, location: 2F
0-1: Ball
1-1: Ball
2-1: Swinging Strike
2-2: Ball
3-2: Foul Ball, location: 2F
3-2: Fly out, F3 (Popup, 3SF, EV 90.6 MPH)
Bottom of the 2nd over - 0 runs, 0 hits, 0 errors, 0 left on base; St. Louis 3 - Atlanta 0
TOP OF THE 3RD
St. Louis Cardinals batting - Pitching for Atlanta Braves : RHP Alex Montes
Batting: LHB Tommy Luce 0-0: Called Strike
0-1: Foul Ball, location: 2F
0-2: Ground out 4-3 (Groundball, 4, EV 103.8 MPH)
Batting: LHB Ben Rubenacker 0-0: Swinging Strike
0-1: Foul Ball, location: 2F
0-2: Ball
1-2: Ball
2-2: Fly out, F7 (Line Drive, 7, EV 98.1 MPH)
Batting: RHB Tenshou Takita 0-0: Ball
1-0: SINGLE (Groundball, 4S, EV 98.8 MPH)
Batting: RHB Bobby Scholl 0-0: Called Strike
0-1: Ground out 5-3 (Groundball, 5S, EV 91.3 MPH)
Top of the 3rd over - 0 runs, 1 hit, 0 errors, 1 left on base; St. Louis 3 - Atlanta 0
BOTTOM OF THE 3RD
Atlanta Braves batting - Pitching for St. Louis Cardinals : RHP Josh Sabatino
Batting: SHB Ken Welch 0-0: Called Strike
0-1: Reached on error, E3 (Groundball, 34S, EV 89.4 MPH)
Batting: RHB Liangde Li 0-0: Called Strike
0-1: Ball
1-1: Ball
2-1: Foul Ball, location: 2F
2-2: Ball
3-2: Base on Balls
Ken Welch to second
Batting: LHB Curt Nelson 0-0: Called Strike
0-1: Ball
1-1: Called Strike
1-2: Foul Ball, location: 2F
1-2: Fly out, F8 (Flyball, 8LD, EV 94.4 MPH)
Batting: LHB Tom Best 0-0: Ball
1-0: Ball
2-0: Fielders Choice at 2nd, 4-6 (Groundball, 4, EV 87.5 MPH)
Ken Welch to third
Batting: LHB Seth Cook 0-0: Ball
1-0: Called Strike
1-1: Ground out U3 (Groundball, 3, EV 93.8 MPH)
Bottom of the 3rd over - 0 runs, 0 hits, 1 error, 2 left on base; St. Louis 3 - Atlanta 0
TOP OF THE 4TH
St. Louis Cardinals batting - Pitching for Atlanta Braves : RHP Alex Montes
Batting: LHB Zack Berney 0-0: Ball
1-0: Ground out 4-3 (Groundball, 4, EV 88.8 MPH)
Batting: RHB Sergio Godinez 0-0: Ball
1-0: Called Strike
1-1: Swinging Strike
1-2: Strikes out swinging
Batting: RHB Rick O'Reilly 0-0: Called Strike
0-1: Swinging Strike
0-2: Ball
1-2: Strikes out swinging
Top of the 4th over - 0 runs, 0 hits, 0 errors, 0 left on base; St. Louis 3 - Atlanta 0
BOTTOM OF THE 4TH
Atlanta Braves batting - Pitching for St. Louis Cardinals : RHP Josh Sabatino
Batting: LHB Xavier Pittman 0-0: Foul Ball, location: 2F
0-1: Called Strike
0-2: DOUBLE (Line Drive, 3D, EV 98.1 MPH)
Batting: RHB Jim Zucco 0-0: Called Strike
0-1: Ball
1-1: Foul Ball, location: 2F
1-2: Foul Ball, location: 2F
1-2: Ground out 5-3 (Groundball, 56S, EV 84.4 MPH)
Batting: LHB Colin Worthington 0-0: Ball
1-0: Fly out, F9 (Flyball, 9D, EV 83.8 MPH)
Runner from 2nd tags up, SAFE at 3rd, no throw by RF
Batting: RHB Ray Llewellyn 0-0: Ball
1-0: Called Strike
1-1: Foul Ball, location: 2F
1-2: Foul Ball, location: 2F
1-2: Ball
2-2: Foul Ball, location: 2F
2-2: Ball
3-2: SINGLE (Line Drive, 5D, EV 95.0 MPH)
Xavier Pittman scores
Batting: SHB Ken Welch 0-0: Called Strike
0-1: Ball
1-1: Ball
2-1: Ball
Ray Llewellyn steals 2nd base
3-1: Base on Balls
Batting: RHB Liangde Li 0-0: Called Strike
0-1: DOUBLE (Flyball, 8RD, EV 85.6 MPH)
Ray Llewellyn scores
Ken Welch to third
Batting: LHB Curt Nelson 0-0: Called Strike
0-1: Ball
1-1: Called Strike
1-2: Ball
2-2: Strikes out swinging
Bottom of the 4th over - 2 runs, 3 hits, 0 errors, 2 left on base; St. Louis 3 - Atlanta 2
TOP OF THE 5TH
St. Louis Cardinals batting - Pitching for Atlanta Braves : RHP Alex Montes
Batting: RHB Nick Gentzel 0-0: Ball
1-0: Ball
2-0: Swinging Strike
2-1: Called Strike
2-2: Ball
3-2: Strikes out looking
Batting: RHB Pavpv Ivanushkin 0-0: Ball
1-0: Called Strike
1-1: Fly out, F7 (Flyball, 7, EV 85.6 MPH)
Batting: LHB Tommy Luce 0-0: Ground out U3 (Groundball, 3, EV 80.6 MPH)
Top of the 5th over - 0 runs, 0 hits, 0 errors, 0 left on base; St. Louis 3 - Atlanta 2
BOTTOM OF THE 5TH
Atlanta Braves batting - Pitching for St. Louis Cardinals : RHP Josh Sabatino
Pitching: RHP Chad Steffee
Batting: LHB Tom Best 0-0: Ball
1-0: Ball
2-0: Foul Ball, location: 2F
2-1: Ground out 4-3 (Groundball, 4D, EV 102.5 MPH)
Batting: LHB Seth Cook 0-0: Foul Ball, location: 2F
0-1: Called Strike
0-2: Foul Ball, location: 2F
0-2: Foul Ball, location: 2F
0-2: Foul Ball, location: 2F
0-2: Ball
1-2: Ball
2-2: SINGLE (Groundball, 4M, EV 100.0 MPH) (infield hit)
Batting: LHB Xavier Pittman 0-0: Ball
1-0: Ball
2-0: Ball
3-0: Base on Balls
Seth Cook to second
Batting: RHB Jim Zucco 0-0: Swinging Strike
0-1: Swinging Strike
0-2: Fly out, F6 (Line Drive, 6, EV 64.4 MPH)
Batting: LHB Colin Worthington 0-0: Ball
1-0: Reached via error on a dropped throw from 2B, E3 (Groundball, 4, EV 83.8 MPH)
Seth Cook to third
Xavier Pittman to second
Batting: RHB Ray Llewellyn 0-0: Called Strike
0-1: Ball
1-1: Ground out U3 (Groundball, 34S, EV 81.3 MPH)
Bottom of the 5th over - 0 runs, 1 hit, 1 error, 3 left on base; St. Louis 3 - Atlanta 2
TOP OF THE 6TH
St. Louis Cardinals batting - Pitching for Atlanta Braves : RHP Alex Montes
Pitching: RHP Marcos Tejeda
Batting: LHB Ben Rubenacker 0-0: Ball
1-0: Called Strike
1-1: Foul Ball, location: 2F
1-2: Strikes out swinging
Batting: RHB Tenshou Takita 0-0: Called Strike
0-1: Ground out 6-3 (Groundball, 6, EV 84.4 MPH)
Batting: RHB Bobby Scholl 0-0: Ball
1-0: Ball
2-0: Foul Ball, location: 2F
2-1: Foul Ball, location: 2F
2-2: Strikes out swinging
Top of the 6th over - 0 runs, 0 hits, 0 errors, 0 left on base; St. Louis 3 - Atlanta 2
BOTTOM OF THE 6TH
Atlanta Braves batting - Pitching for St. Louis Cardinals : RHP Chad Steffee
Batting: SHB Ken Welch 0-0: Called Strike
0-1: Ball
1-1: DOUBLE (Line Drive, 89XD, EV 101.9 MPH)
Batting: RHB Liangde Li 0-0: Sac Bunt to 3S - play at first, batter OUT! 3-4
Ken Welch to third
Batting: LHB Curt Nelson 0-0: Ball
1-0: Ball
2-0: Called Strike
2-1: Fly out, F7 (Flyball, 78M, EV 78.1 MPH)
Runner from 3rd tags up, SCORES, throw by LF
Batting: LHB Tom Best 0-0: Ball
1-0: Ball
2-0: Ball
3-0: Base on Balls
Batting: LHB Seth Cook 0-0: Ball
1-0: Ball
2-0: Called Strike
2-1: Called Strike
Tom Best steals 2nd base
2-2: Ball
3-2: SINGLE (Groundball, 4MD, EV 99.4 MPH)
Tom Best to third
Batting: LHB Xavier Pittman 0-0: Ball
1-0: Ball
2-0: Called Strike
2-1: Called Strike
2-2: Ball
3-2: Base on Balls
Seth Cook to second
Batting: RHB Jim Zucco 0-0: Ground out 6-3 (Groundball, 6S, EV 70.0 MPH)
Bottom of the 6th over - 1 run, 2 hits, 0 errors, 3 left on base; St. Louis 3 - Atlanta 3
TOP OF THE 7TH
St. Louis Cardinals batting - Pitching for Atlanta Braves : RHP Marcos Tejeda
Batting: LHB Zack Berney 0-0: Ground out 1-3 (Groundball, 15S, EV 74.4 MPH)
Batting: RHB Sergio Godinez 0-0: Ball
1-0: Ball
2-0: SINGLE (Groundball, 6MD, EV 103.1 MPH)
Pinch Hitting: SHB Antoine Roux 0-0: Called Strike
0-1: Called Strike
0-2: Foul Ball, location: 2F
0-2: Ball
1-2: Ground out U3 (Groundball, 3S, EV 83.1 MPH)
Sergio Godinez to second
Pinch Hitting: LHB John Blair 0-0: Swinging Strike
0-1: Ball
1-1: 2-RUN HOME RUN (Flyball, 78XD, EV 97.5 MPH), Distance : 396 ft
Batting: RHB Pavpv Ivanushkin 0-0: Ball
1-0: Ball
2-0: Foul Ball, location: 2F
2-1: Ball
3-1: Called Strike
3-2: Foul Ball, location: 2F
3-2: Base on Balls
Batting: LHB Tommy Luce 0-0: Ball
Pavpv Ivanushkin steals 2nd base
1-0: Ground out 6-3 (Groundball, 6M, EV 104.4 MPH)
Top of the 7th over - 2 runs, 2 hits, 0 errors, 1 left on base; St. Louis 5 - Atlanta 3
BOTTOM OF THE 7TH
Atlanta Braves batting - Pitching for St. Louis Cardinals : RHP Chad Steffee
Pitching: RHP Jim Kincaid
Now at 2B: Antoine Roux
Now in CF: Zack Berney
Now in RF: John Blair
Batting: LHB Colin Worthington 0-0: Called Strike
0-1: Ground out 6-3 (Groundball, 6, EV 78.8 MPH)
Batting: RHB Ray Llewellyn 0-0: Ball
1-0: Foul Ball, location: 2F
1-1: Foul Ball, location: 2F
1-2: Foul Ball, location: 2F
1-2: Strikes out swinging
Batting: SHB Ken Welch 0-0: Called Strike
0-1: Foul Ball, location: 2F
0-2: Strikes out swinging
Bottom of the 7th over - 0 runs, 0 hits, 0 errors, 0 left on base; St. Louis 5 - Atlanta 3
TOP OF THE 8TH
St. Louis Cardinals batting - Pitching for Atlanta Braves : RHP Marcos Tejeda
Pitching: LHP Micah Basinger
Batting: LHB Ben Rubenacker 0-0: Ball
1-0: Foul Ball, location: 2F
1-1: Ball
2-1: Foul Ball, location: 2F
2-2: Strikes out swinging
Pitching: RHP Charles Hewson
Batting: RHB Tenshou Takita 0-0: Called Strike
0-1: Foul Ball, location: 2F
0-2: Foul Ball, location: 2F
0-2: Ball
1-2: Foul Ball, location: 2F
1-2: Ground out 5-3 (Groundball, 5S, EV 70.0 MPH)
Batting: RHB Bobby Scholl 0-0: Ball
1-0: Called Strike
1-1: Called Strike
1-2: Foul Ball, location: 2F
1-2: Foul Ball, location: 2F
1-2: Strikes out swinging
Top of the 8th over - 0 runs, 0 hits, 0 errors, 0 left on base; St. Louis 5 - Atlanta 3
BOTTOM OF THE 8TH
Atlanta Braves batting - Pitching for St. Louis Cardinals : RHP Jim Kincaid
Batting: RHB Liangde Li 0-0: Swinging Strike
0-1: Ground out 5-3 (Groundball, 56S, EV 77.5 MPH)
Batting: LHB Curt Nelson 0-0: Called Strike
0-1: Ball
1-1: Ball
2-1: Foul Ball, location: 2F
2-2: Foul Ball, location: 2F
2-2: Ball
3-2: Base on Balls
Batting: LHB Tom Best 0-0: Ball
1-0: Ball
2-0: Called Strike
2-1: Foul Ball, location: 2F
2-2: Foul Ball, location: 2F
2-2: Fly out, F5 (Popup, 5, EV 63.8 MPH)
Batting: LHB Seth Cook 0-0: Ground out U3 (Groundball, 13, EV 84.4 MPH)
Bottom of the 8th over - 0 runs, 0 hits, 0 errors, 1 left on base; St. Louis 5 - Atlanta 3
TOP OF THE 9TH
St. Louis Cardinals batting - Pitching for Atlanta Braves : RHP Charles Hewson
Pitching: LHP Skylar Adams
Batting: LHB Zack Berney 0-0: Called Strike
0-1: Foul Ball, location: 2F
0-2: Ball
1-2: SINGLE (Flyball, 89S, EV 93.1 MPH)
Batting: RHB Sergio Godinez 0-0: Ball
1-0: Called Strike
1-1: Ball
2-1: Fly out, F7 (Flyball, 78M, EV 81.3 MPH)
Batting: SHB Antoine Roux 0-0: Ball
1-0: Called Strike
1-1: Foul Ball, location: 2F
1-2: Strikes out swinging
Batting: LHB John Blair 0-0: Swinging Strike
0-1: SINGLE (Line Drive, 7S, EV 101.3 MPH)
Zack Berney to second
Runner from 2nd tries for 3rd, SAFE, throw by LF made to third
Batting: RHB Pavpv Ivanushkin 0-0: Ball
1-0: Foul Ball, location: 2F
1-1: Ball
2-1: Ball
3-1: Base on Balls
John Blair to second
Batting: LHB Tommy Luce 0-0: Ball
1-0: Ball
2-0: Ball
3-0: Called Strike
3-1: Swinging Strike
3-2: Fly out, F7 (Flyball, 7, EV 96.3 MPH)
Top of the 9th over - 0 runs, 2 hits, 0 errors, 3 left on base; St. Louis 5 - Atlanta 3
BOTTOM OF THE 9TH
Atlanta Braves batting - Pitching for St. Louis Cardinals : RHP Jim Kincaid
Pitching: RHP David Silva
Batting: LHB Xavier Pittman 0-0: Ball
1-0: Called Strike
1-1: Foul Ball, location: 2F
1-2: SOLO HOME RUN (Flyball, 89XD, EV 101.3 MPH), Distance : 399 ft
Batting: RHB Jim Zucco 0-0: Ball
1-0: Foul Ball, location: 2F
1-1: Ball
2-1: SINGLE (Groundball, 56D, EV 96.9 MPH)
Batting: LHB Colin Worthington 0-0: Foul Ball, location: 2F
0-1: Called Strike
0-2: Strikes out swinging
Batting: RHB Ray Llewellyn 0-0: Ball
1-0: Swinging Strike
1-1: Called Strike
1-2: Strikes out looking
Batting: SHB Ken Welch 0-0: Ball
1-0: Ball
2-0: Ball
3-0: Swinging Strike
3-1: Ground out 4-3 (Groundball, 34, EV 107.5 MPH)
Bottom of the 9th over - 1 run, 2 hits, 0 errors, 1 left on base; St. Louis 5 - Atlanta 4
Thursday, March 31st , 2022 - OOTP Baseball 22.12 Build 89